 Dungeon Crawl Stone Soup version 0.18.1-48-g4cf74bf (webtiles) character file.

177468 Ruka the Unseen (level 18, -7/98 HPs)
             Began as a Vine Stalker Enchanter on Sept 7, 2016.
             Was the Champion of Dithmenos.
             Mangled by a deep elf blademaster
             ... wielding a +0 quick blade
              (19 damage)
             ... on level 2 of the Elven Halls on Sept 8, 2016.
             The game lasted 07:41:55 (46640 turns).

Ruka the Unseen (Vine Stalker Enchanter)           Turns: 46640, Time: 07:41:56

Health: -7/98      AC: 15    Str: 11    XL:     18   Next: 16%
Magic:  0/28       EV: 18    Int: 27    God:    Dithmenos [******]
Gold:   2043       SH:  6    Dex: 17    Spells: 9 memorised, 2 levels left

rFire  . . .     SeeInvis +     D - +3 rapier (elec)
rCold  . . .     Gourm    .     W - +1 robe {MR+}
rNeg   . . .     Faith    .     Y - +0 buckler {AC+3}
rPois  +         Spirit   +     m - +1 helmet
rElec  .         Dismiss  .     u - +0 cloak of Integrity {rPois Int+6}
rCorr  .         Reflect  .     b - +2 pair of gloves
SustAt .         Harm     .     x - +2 pair of boots {Fly}
MR     +++..                    (no amulet)
Stlth  ++++++++++               I - ring of see invisible
                                s - ring of wizardry

@: about to teleport, flying, very slightly contaminated, wreathed by umbra,
repel missiles, drained, extremely resistant to hostile enchantments, uncannily
stealthy
A: fangs 3, blink, regeneration 3, magic shield, antimagic bite, no device heal
3, rot immunity
a: Blink, Shadow Step, Shadow Form, Renounce Religion, Stop Flying


You were on level 2 of the Elven Halls.
You worshipped Dithmenos.
Dithmenos was exalted by your worship.
You were hungry.

You visited 4 branches of the dungeon, and saw 28 of its levels.
You also visited: Ice Cave.

You collected 3585 gold pieces.
You spent 1542 gold pieces at shops.

Inventory:

Hand Weapons
 c - a +0 scimitar
 q - a +2 dagger of venom
 w - a +0 scimitar
 D - a +3 rapier of electrocution (weapon)
 G - a +0 blowgun
 L - a +0 short sword
Missiles
 X - 3 curare-tipped needles
Armour
 b - a +2 pair of gloves (worn)
 m - a +1 helmet (worn)
 u - the +0 cloak of Integrity (worn) {rPois Int+6}
   (You found it on level 13 of the Dungeon)

   It affects your intelligence (+6).
   It protects you from poison.
 x - a +2 pair of boots of flying (worn)
 N - a +2 leather armour of fire resistance
 W - a +1 robe of magic resistance (worn)
 Y - a +0 buckler of protection (worn)
Jewellery
 s - a ring of wizardry (left hand)
 v - an uncursed ring of protection from fire
 I - a ring of see invisible (right hand)
 K - a +4 ring of intelligence
 V - an uncursed ring of protection from cold
Wands
 j - a wand of iceblast (8/15)
 t - a wand of lightning (8/15)
 y - a wand of iceblast (8/15)
 B - a wand of polymorph (16/24)
 C - a wand of lightning (4/15)
 E - a wand of digging (8/24)
 H - a wand of teleportation (2/9)
 J - a wand of polymorph (12/24)
 Q - a wand of confusion (35/48)
 R - a wand of acid (10/15)
 Z - a wand of paralysis (16/24)
Scrolls
 a - 2 scrolls of magic mapping
 e - 4 scrolls of recharging
 g - 9 scrolls of identify
 k - 7 scrolls of remove curse
 A - 3 scrolls of amnesia
 F - 2 scrolls of fog
 O - 2 scrolls of fear
Potions
 f - a potion of cancellation
 i - 8 potions of curing
 l - 5 potions of might
 p - 3 potions of cure mutation
 r - 3 potions of brilliance
 z - 3 potions of lignification
 S - a potion of resistance
 T - 2 potions of ambrosia
 U - 5 potions of agility
Books
 n - Zeroc's Tome of Darkness
   (You found it on level 1 of the Elven Halls)

   Spells                             Type                      Level
   a - Animate Skeleton               Necromancy                   1
   b - Corpse Rot                     Necromancy                   2
   c - Sublimation of Blood           Necromancy                   2
   d - Control Undead                 Necromancy                   4
   e - Death Channel                  Necromancy                   6
 M - a book of Party Tricks

   Spells                             Type                      Level
   a - Summon Butterflies             Summoning                    1
   b - Apportation                    Translocation                1
   c - Tukima's Dance                 Hexes                        3
   d - Alistair's Intoxication        Transmutation/Poison         5
   e - Invisibility                   Hexes                        6
Comestibles
 d - 2 bread rations
 h - 4 meat rations
 o - 8 royal jellies
 P - 3 beef jerkies


   Skills:
 + Level 12.2(11.9) Fighting
 - Level 14.2(13.9) Short Blades
 - Level 8.3(8.1) Dodging
 - Level 16.1(15.8) Stealth
 - Level 6.0(5.8) Shields
 - Level 6.2(6.0) Spellcasting
 - Level 13.5(13.3) Hexes
 - Level 2.7(2.5) Charms
 - Level 2.0(1.8) Ice Magic
 - Level 11.4(11.2) Air Magic
 - Level 1.0(0.8) Invocations


You had 2 spell levels left.
You knew the following spells:

 Your Spells              Type           Power        Failure   Level  Hunger
a - Corona                Hex            ######.      1%          1    None
b - Ensorcelled Hibernat  Hex/Ice        #####.       1%          2    None
c - Confuse               Hex            ######..     1%          3    None
d - Dazzling Spray        Conj/Hex       #####.       1%          3    None
e - Swiftness             Chrm/Air       #####...     1%          2    None
f - Repel Missiles        Chrm/Air       #####.       1%          2    None
g - Invisibility          Hex            ######..     2%          6    ######.
h - Airstrike             Air            ######....   1%          4    ###....
i - Cause Fear            Hex            ######....   1%          4    ###....


Dungeon Overview and Level Annotations

Branches:
Dungeon (15/15)            Temple (0/1) D:6            Lair (8/8) D:8
 Shoals (0/4) Lair:4        Snake (0/4) Lair:3        Slime (0/6) Lair:8
    Orc (2/2) D:11            Elf (3/3) Orc:2        Vaults (0/5) D:14
 Depths (0/5) D:15

Altars:
Dithmenos
Elyvilon
Fedhas
Gozag
Kikubaaqudgha
Nemelex Xobeh
Qazlal
Ru
Sif Muna
Xom
Yredelemnul
Zin
The Shining One
Beogh

Shops:
D:9 :   D:11 *   Orc:2 *=[(   Elf:1 (

Portals:
Trove: D:13 (give +3 fire dragon armour)


Innate Abilities, Weirdness & Mutations

You have razor-sharp teeth.
You regenerate.
When hurt, damage is shared between your health and your magic reserves.
Your bite disrupts and absorbs the magic of your enemies.
Potions and wands cannot restore your health.
You are immune to rotting.
You can translocate small distances at will.


Message History

The floor, spattered with blood.
Evoke which item? (* to show all) (? for menu, Esc to quit)
Zapping:
H - a wand of teleportation (3/9)
Press: ? - help, Shift-Dir - straight line, f - you You feel strangely unstable.
This wand has 2 charges left.
The deep elf blademaster misses you.
The deep elf blademaster hits you with a quick blade!
The deep elf blademaster hits you but does no damage.
The deep elf blademaster completely misses you.
The deep elf blademaster hits you with a quick blade!
The deep elf blademaster misses you.
The deep elf blademaster rages.
The deep elf blademaster completely misses you.
The deep elf blademaster closely misses you.
There is an open door here.
The deep elf blademaster hits you with a quick blade!!
* * * LOW HITPOINT WARNING * * *
You emit a cloud of dark smoke.
The deep elf blademaster hits you with a quick blade!!
You die...

##.## ### ##.##
##§###.##
##§§§#'##
##§§§§.##
##§§P§P.[##
#§§§§§§.(.#
##e§.P.P..##
##@##...!.##
#####§####...##
# ##.##§##
##.## #
##...'## ### #
#...=.# ##.).##
##.## ###


You could see a deep elf blademaster (berserk).

Vanquished Creatures
  A deep elf blademaster (Elf:2)
  Kirke (D:13)
  A frost giant (D:15)
  2 deep elf sorcerers (Elf:3)
  An orc warlord (Orc:2)
  Nessos (D:14)
  5 deep elf demonologists
  Azrael (D:14)
  A deep elf annihilator (Elf:2)
  2 deep elf death magi
  4 vault guards (D:14)
  Snorg (Lair:2)
  Fannar (D:12)
  4 deep elf high priests (Elf:3)
  2 ice dragons (IceCv)
  8 hydras
  Erica (D:11)
  The ghost of tyranidshit the Fighter, a novice DsAK of Lugonu (D:11)
  6 centaur warriors
  23 dancing weapons
  An ogre mage (D:14)
  Urug (Lair:2)
  2 tengu warriors
  3 orc high priests
  Nergalle (D:11)
  24 deep elf knights
  5 hill giants
  A wizard (D:15)
  7 unseen horrors
  8 deep elf archers
  2 necromancers (Elf:1)
  2 large abominations (Elf:1)
  Pikel (D:3)
  46 deep elf magi
  5 orc sorcerers
  8 orc knights
  9 ugly things
  4 griffons
  4 cyclopes
  2 manticores
  A siren (Lair:4)
  24 elephants
  4 black mambas
  2 ice statues (IceCv)
  9 spiny frogs
  3 rime drakes
  2 gargoyles
  10 komodo dragons
  A yaktaur (D:15)
  A queen bee (D:14)
  4 trolls
  A tengu conjurer (D:15)
  17 polar bears
  A harpy skeleton (D:15)
  3 two-headed ogres
  12 blink frogs
  Prince Ribbit (D:7)
  Grinder (D:4)
  A blink frog (shapeshifter) (Elf:3)
  3 slime creatures (D:15)
  A redback (Lair:8)
  3 centaur simulacra (D:10)
  Sigmund (D:5)
  A shadow (D:14)
  13 spriggans (Lair:8)
  3 water elementals
  6 basilisks
  4 hogs (D:13)
  Grum (D:8)
  4 wyverns
  A human (D:14)
  18 hippogriffs
  8 vampire mosquitoes (D:14)
  32 yaks
  6 fire elementals
  5 wargs
  A soldier ant (D:13)
  A mottled dragon (D:13)
  3 nagas (Lair:3)
  Duvessa (D:6)
  Edmund (D:4)
  2 hell hounds (D:14)
  11 porcupines
  11 water moccasins
  10 black bears
  43 orc warriors
  2 sky beasts (D:6)
  22 ice beasts
  5 wasps
  A necrophage (D:13)
  2 phantoms
  3 eyes of draining
  51 wolves
  The ghost of Miyamura the Insei, an amateur DsMo (D:4)
  6 ogres
  10 centaurs
  3 big kobolds
  13 crocodiles
  2 elf zombies (Elf:1)
  17 giant frogs
  2 earth elementals (Elf:3)
  5 jellies
  4 scorpions
  A wyvern skeleton (D:13)
  Dowan (D:6)
  24 killer bees
  7 howler monkeys
  4 wights (D:14)
  5 electric eels
  6 crimson imps
  The ghost of zultag the Caller, a weakling DESu of Vehumet (D:3)
  6 centaur zombies
  A giant frog zombie (D:13)
  4 centaur skeletons
  8 hounds
  14 orc priests
  2 giant frog skeletons
  31 orc wizards
  10 iguanas
  11 worker ants
  11 sheep
  5 giant frog simulacra (D:10)
  A hound zombie (D:5)
  A hound skeleton (D:4)
  A killer bee simulacrum (D:10)
  9 adders
  5 gnolls
  80 river rats
  4 shadow imps
  A white imp (D:10)
  3 worker ant simulacra (D:10)
  6 ufetubi (D:10)
  3 oozes
  6 giant geckos
  88 orcs
  A ball python (D:4)
  9 giant cockroaches
  7 goblins
  12 hobgoblins
  16 jackals
  7 quokkas
  8 bats
  4 giant newts
  15 kobolds
  A quokka zombie (D:7)
  4 rats
  A butterfly (Lair:2)
  A plant (Lair:3)
1090 creatures vanquished.

Vanquished Creatures (others)
  A human (D:13)
  2 hell hounds (D:14)
  A slave (D:4)
  2 ogres
  2 hounds (D:4)
  An orc wizard (D:5)
  A worker ant (D:5)
  A centaur simulacrum (D:10)
  A gnoll (D:3)
  An adder (D:4)
  A dart slug (D:4)
  A worm (D:5)
  An orc (D:5)
  A quokka (D:2)
  A giant gecko skeleton (D:4)
  2 giant newts (D:5)
  A fire vortex (Lair:4)
  28 fungi
  5 plants
54 creatures vanquished.

Grand Total: 1144 creatures vanquished

Notes
Turn   | Place    | Note
--------------------------------------------------------------
     0 | D:1      | Ruka the Vine Stalker Enchanter began the quest for the Orb.
     0 | D:1      | Reached XP level 1. HP: 9/9 MP: 4/4
   175 | D:1      | Reached XP level 2. HP: 13/13 MP: 4/6
   207 | D:1      | Learned a level 2 spell: Ensorcelled Hibernation
   394 | D:1      | Reached XP level 3. HP: 16/16 MP: 3/7
   867 | D:2      | Found a white marble altar of Elyvilon.
  1026 | D:2      | Learned a level 3 spell: Confuse
  1716 | D:2      | Reached XP level 4. HP: 18/21 MP: 2/8
  1814 | D:3      | Reached skill level 5 in Hexes
  1951 | D:3      | HP: 1/21 [hobgoblin (3)]
  1952 | D:3      | Reached skill level 4 in Stealth
  2087 | D:3      | Reached XP level 5. HP: 24/24 MP: 6/9
  2099 | D:3      | Reached skill level 5 in Stealth
  2159 | D:3      | Found a glowing golden altar of the Shining One.
  2160 | D:3      | Found a basalt altar of Yredelemnul.
  2163 | D:3      | Noticed a profane servitor
  2486 | D:3      | Found a stormy altar of Qazlal.
  2500 | D:3      | Noticed zultag's ghost (weakling DESu)
  2506 | D:3      | Killed zultag's ghost
  2506 | D:3      | Reached skill level 6 in Stealth
  2638 | D:3      | Gained mutation: You heal very quickly. [Vine Stalker growth]
  2638 | D:3      | Reached XP level 6. HP: 24/28 MP: 10/10
  2930 | D:3      | Noticed an angel
  2984 | D:4      | Noticed Miyamura's ghost (amateur DsMo)
  3223 | D:4      | Noticed Edmund
  3228 | D:4      | Killed Edmund
  3228 | D:4      | Reached skill level 7 in Stealth
  3336 | D:4      | Noticed Grinder
  3337 | D:4      | Paralysed by Grinder for 4 turns
  3540 | D:3      | Reached skill level 8 in Stealth
  3626 | D:4      | Killed Miyamura's ghost
  3626 | D:4      | Reached XP level 7. HP: 26/32 MP: 7/11
  3672 | D:4      | Noticed Pikel
  3724 | D:3      | Killed Pikel
  3724 | D:3      | Reached skill level 10 in Stealth
  3724 | D:3      | Gained mutation: You have razor-sharp teeth. [Vine Stalker growth]
  3724 | D:3      | Reached XP level 8. HP: 35/36 MP: 7/12
  4077 | D:4      | Found a sparkling altar of Nemelex Xobeh.
  4516 | D:5      | Entered Level 5 of the Dungeon
  4547 | D:5      | Found a sacrificial altar of Ru.
  4918 | D:5      | Found a shimmering altar of Xom.
  5322 | D:5      | Noticed Sigmund
  5326 | D:5      | Killed Sigmund
  5326 | D:5      | Reached XP level 9. HP: 39/39 MP: 10/13
  5636 | D:6      | Noticed Duvessa
  5636 | D:6      | Noticed Dowan
  5714 | D:6      | Killed Dowan
  5832 | D:6      | Killed Duvessa
  6057 | D:4      | Killed Grinder
  6057 | D:4      | Reached skill level 11 in Stealth
  6517 | D:6      | Found a glowing silver altar of Zin.
  6726 | D:6      | Found a staircase to the Ecumenical Temple.
  7095 | D:6      | Found a deep blue altar of Sif Muna.
  7378 | D:6      | Found a shadowy altar of Dithmenos.
  7381 | D:6      | Became a worshipper of Dithmenos the Shadowed
  7577 | D:6      | Gained mutation: You can translocate small distances at will. [potion of beneficial mutation]
  7614 | D:6      | Reached skill level 5 in Short Blades
  8381 | D:7      | Found an ancient bone altar of Kikubaaqudgha.
  8547 | D:7      | Reached XP level 10. HP: 44/44 MP: 4/14
  8582 | D:7      | Reached * piety under Dithmenos
  8739 | D:7      | Learned a level 3 spell: Dazzling Spray
  8801 | D:7      | Learned a level 2 spell: Swiftness
  8804 | D:7      | Learned a level 2 spell: Repel Missiles
  8826 | D:7      | Reached skill level 1 in Charms
  8849 | D:7      | Noticed Prince Ribbit
  9034 | D:7      | Killed Prince Ribbit
  9282 | D:8      | Found a basalt altar of Yredelemnul.
  9288 | D:8      | Reached skill level 1 in Air Magic
  9529 | D:8      | Noticed Grum
  9589 | D:8      | Killed Grum
 10329 | D:8      | Got a fabulously ornate robe
 10340 | D:8      | Identified the +0 robe of Valour {MR+} (You took it off a centaur on level 8 of the Dungeon)
 10396 | D:8      | Reached ** piety under Dithmenos
 10654 | D:8      | Found a staircase to the Lair.
 10821 | Lair:1   | Entered Level 1 of the Lair of Beasts
 10840 | Lair:1   | Noticed a six-headed hydra
 10846 | Lair:1   | Killed a six-headed hydra
 10846 | Lair:1   | Reached skill level 10 in Short Blades
 10846 | Lair:1   | Reached XP level 11. HP: 47/47 MP: 15/15
 11200 | Lair:1   | Reached skill level 10 in Hexes
 11275 | Lair:1   | Reached *** piety under Dithmenos
 12232 | Lair:2   | Noticed Urug
 12293 | Lair:2   | Killed Urug
 12414 | Lair:2   | Noticed a six-headed hydra
 12824 | Lair:3   | Found a frozen archway.
 12843 | IceCv    | Entered an ice cave
 13027 | IceCv    | Gained mutation: You regenerate. [Vine Stalker growth]
 13027 | IceCv    | Reached XP level 12. HP: 51/51 MP: 5/16
 14564 | IceCv    | Noticed an ice dragon
 14564 | IceCv    | Noticed an ice dragon
 14603 | IceCv    | Killed an ice dragon
 14618 | IceCv    | Killed an ice dragon
 15070 | Lair:3   | Reached **** piety under Dithmenos
 15302 | Lair:3   | Noticed Snorg
 15373 | Lair:2   | HP: 2/51 [Snorg (13)]
 15378 | Lair:2   | Killed Snorg
 15499 | Lair:2   | Learned a level 6 spell: Invisibility
 15578 | Lair:2   | Killed a six-headed hydra
 15578 | Lair:2   | Reached skill level 5 in Spellcasting
 15782 | Lair:3   | Found a staircase to the Snake Pit.
 16200 | Lair:3   | Reached skill level 1 in Fighting
 16779 | Lair:4   | Noticed a six-headed hydra
 16786 | Lair:4   | Killed a six-headed hydra
 16818 | Lair:3   | Identified a -1 rod of inaccuracy (13/13) (You found it on level 8 of the Dungeon)
 16926 | Lair:4   | Reached XP level 13. HP: 63/63 MP: 23/23
 16960 | Lair:3   | Reached skill level 5 in Fighting
 17454 | D:9      | Reached skill level 1 in Invocations
 17518 | D:9      | Identified a scroll of acquirement
 17710 | D:9      | Found Nuhin's Book Shop.
 17893 | D:9      | Found an opulent altar of Gozag.
 18237 | D:10     | Entered Level 10 of the Dungeon
 18498 | D:10     | Reached ***** piety under Dithmenos
 19319 | D:10     | Got a transparent cloak
 19330 | D:10     | Identified the +2 cloak "Zuac" {Int+4} (You found it on level 10 of the Dungeon)
 19787 | D:11     | Noticed tyranidshit's ghost (novice DsAK)
 19809 | D:11     | Killed tyranidshit's ghost
 19813 | D:11     | Noticed Nergalle
 19862 | D:11     | Killed Nergalle
 19862 | D:11     | Reached skill level 12 in Stealth
 19864 | D:11     | Got a translucent long sword {vamp}
 20177 | D:11     | You are sucked into a shaft for 3 floors!
 20229 | D:13     | You are sucked into a shaft for 2 floors!
 20229 | D:15     | Entered Level 15 of the Dungeon
 20247 | D:14     | Noticed Azrael
 20247 | D:14     | Noticed Nessos
 20709 | D:12     | Reached skill level 13 in Stealth
 20794 | D:12     | Noticed Fannar
 20812 | D:12     | Killed Fannar
 21781 | Lair:4   | Found a staircase to the Shoals.
 22267 | Lair:5   | Reached XP level 14. HP: 70/70 MP: 19/24
 23306 | Lair:6   | Reached skill level 5 in Dodging
 24113 | Lair:7   | Reached skill level 14 in Stealth
 24694 | Lair:8   | Entered Level 8 of the Lair of Beasts
 24769 | Lair:8   | Found a staircase to the Slime Pits.
 24837 | Lair:8   | Reached skill level 15 in Stealth
 25481 | Lair:8   | Reached skill level 16 in Stealth
 26059 | Lair:8   | Reached XP level 15. HP: 75/75 MP: 20/25
 26847 | D:9      | Bought a book of the Sky for 910 gold pieces
 26993 | Lair:1   | Learned a level 4 spell: Airstrike
 27255 | D:13     | Got a twisted cloak
 27265 | D:13     | Found a portal to a secret trove of treasure.
 27574 | D:13     | Noticed Kirke
 27632 | D:13     | Reached skill level 5 in Air Magic
 27710 | D:13     | Killed Kirke
 28354 | D:11     | Noticed Erica
 28374 | D:11     | Killed Erica
 28463 | D:11     | Identified the cursed +0 cloak of Integrity {rPois Int+6} (You found it on level 13 of the Dungeon)
 28486 | D:11     | Found Ozaxiduh's Assorted Antiques.
 28492 | D:11     | Bought a scroll labeled UPPOVI JORIP for 24 gold pieces
 28492 | D:11     | Bought a scroll of identify for 48 gold pieces
 28647 | D:11     | Found a staircase to the Orcish Mines.
 28744 | D:11     | Reached ****** piety under Dithmenos
 28745 | D:11     | Found a roughly hewn altar of Beogh.
 28829 | Orc:1    | Entered Level 1 of the Orcish Mines
 28903 | Orc:2    | Entered Level 2 of the Orcish Mines
 29108 | Orc:2    | Found Ecaet's General Store.
 29340 | Orc:2    | Bought a +1 rapier of electrocution for 238 gold pieces
 29340 | Orc:2    | Bought a scroll of identify for 28 gold pieces
 29340 | Orc:2    | Bought a scroll of remove curse for 42 gold pieces
 29633 | Orc:2    | Found a staircase to the Elven Halls.
 29704 | Orc:2    | Found Uciwus's Jewellery Shoppe.
 29704 | Orc:2    | Noticed an orc warlord
 30188 | Orc:2    | Found Yti Bal's Antique Armour Shop.
 30410 | Orc:2    | Found Daddov's Antique Weapon Shoppe.
 30453 | Orc:2    | Bought a shiny buckler for 126 gold pieces
 30453 | Orc:2    | Bought a shiny buckler for 126 gold pieces
 30749 | Orc:2    | Killed an orc warlord
 32468 | D:14     | Reached skill level 1 in Ice Magic
 32645 | D:14     | Killed Nessos
 32676 | D:14     | Killed Azrael
 32691 | D:14     | Found a blossoming altar of Fedhas.
 33545 | D:14     | Reached skill level 1 in Shields
 34259 | D:15     | Reached XP level 16. HP: 82/82 MP: 26/26
 34492 | D:15     | Reached skill level 5 in Shields
 34682 | D:15     | Found a staircase to the Depths.
 35361 | D:14     | Reached skill level 10 in Fighting
 35411 | D:14     | Found a gate to the Vaults.
 35693 | Lair:1   | Learned a level 4 spell: Cause Fear
 35917 | Elf:1    | Entered Level 1 of the Elven Halls
 36020 | Elf:1    | Found Anaefeoz's Antique Weapon Shoppe.
 36438 | Elf:1    | Noticed a Hell Sentinel
 37098 | Elf:1    | Identified Zeroc's Tome of Darkness
 37292 | Elf:1    | Reached XP level 17. HP: 91/91 MP: 12/27
 38335 | Elf:2    | Found a runed gate.
 38335 | Elf:2    | Found a runed gate.
 38337 | Elf:2    | Found a runed gate.
 38479 | Elf:2    | Reached skill level 10 in Air Magic
 38488 | Elf:2    | Noticed a deep elf blademaster
 38502 | Elf:2    | HP: 4/91 [poisoned by a trident of venom]
 39347 | Elf:2    | Killed a deep elf blademaster
 41517 | Elf:3    | Entered Level 3 of the Elven Halls
 41535 | Elf:3    | Noticed a Tzitzimitl
 42622 | Elf:3    | Reached XP level 18. HP: 83/96 MP: 19/28
 46400 | Elf:3    | Noticed a deep elf blademaster
 46640 | Elf:2    | Mangled by a deep elf blademaster

Skill      XL: |  1  2  3  4  5  6  7  8  9 10 11 12 13 14 15 16 17 18 |
---------------+-------------------------------------------------------+-----
Hexes          | 4 5 8 12 13 | 13.5
Stealth        | 4 6 8 10 11 13 16 | 16.1
Short Blades   | 7 10 11 12 14 | 14.2
Charms         | 2 |  2.7
Air Magic      | 3 5 8 11 | 11.4
Spellcasting   | 6 |  6.2
Fighting       | 4 6 7 8 11 12 | 12.2
Invocations    | 1 |  1.0
Dodging        | 4 5 8 |  8.3
Ice Magic      | 2 |  2.0
Shields        | 1 6 |  6.0

Action                   |  1- 3 |  4- 6 |  7- 9 | 10-12 | 13-15 | 16-18 || total
-------------------------+-------+-------+-------+-------+-------+-------++-------
Melee: Dagger            |   115 |    97 |   214 |   531 |   893 |       ||  1850
       Bite              |    13 |    24 |    44 |   212 |   404 |   143 ||   840
       Short sword       |       |       |       |   168 |   147 |       ||   315
       Rapier            |       |       |       |       |   447 |   553 ||  1000
 Fire: Blowgun           |       |       |       |       |       |     1 ||     1
 Cast: Corona            |    15 |     4 |     5 |     6 |     7 |     1 ||    38
       Ensorcelled Hiber |    22 |    23 |    58 |   165 |   263 |    19 ||   550
       Confuse           |       |    10 |    22 |    73 |   199 |    85 ||   389
       Repel Missiles    |       |       |       |     4 |     3 |     3 ||    10
       Invisibility      |       |       |       |       |     8 |     7 ||    15
       Dazzling Spray    |       |       |       |       |    24 |     4 ||    28
       Swiftness         |       |       |       |       |     1 |     3 ||     4
       Airstrike         |       |       |       |       |       |   151 ||   151
Invok: Shadow Step       |       |       |       |     1 |    11 |     1 ||    13
 Abil: Blink             |       |       |     4 |    10 |     4 |     4 ||    22
Evoke: Wand              |       |       |       |     2 |     3 |     6 ||    11
  Use: Scroll            |     4 |     3 |     7 |    19 |    17 |     7 ||    57
       Potion            |       |     4 |     2 |     5 |     2 |     2 ||    15
 Stab: Sleeping          |    19 |    15 |    35 |   125 |   236 |    51 ||   481
       Distracted        |     1 |       |       |     1 |     9 |     2 ||    13
       Confused          |       |     6 |     8 |    45 |   102 |    40 ||   201
       Paralysed         |       |       |     1 |       |       |       ||     1
       Invisible         |       |       |       |       |    38 |    13 ||    51
  Eat: Chunk             |     4 |    10 |     7 |    21 |    29 |     4 ||    75
       Bread ration      |       |       |     2 |     3 |     4 |     6 ||    15
       Meat ration       |       |       |     1 |     1 |     1 |     4 ||     7
       Beef jerky        |       |       |     1 |       |       |     1 ||     2
       Fruit             |       |       |       |     4 |    12 |     3 ||    19
       Pizza             |       |       |       |       |       |     1 ||     1
Armor: Robe              |     9 |       |    43 |    89 |   306 |    80 ||   527
       Leather armour    |    19 |    19 |    13 |       |    15 |       ||    66
       Skin              |       |     1 |       |       |       |       ||     1
Dodge: Dodged            |    66 |    58 |   144 |   260 |   909 |   193 ||  1630
       Deflected         |       |       |       |     6 |    17 |    17 ||    40
Block: Buckler           |       |       |       |       |    31 |    83 ||   114
